 Dungeon Crawl Stone Soup version 0.30-a0-778-g2ef04afb54 (console) character file.

Game seed: 11889805943988150653

428 rlgrobin the Cleaver (level 7, 0/57 HPs)
             Began as a Meteoran Fighter on Feb 17, 2023.
             Was a Believer of Zin.
             Slain by a sky beast (4 damage)
             ... on level 6 of the Dungeon.
             The game lasted 00:03:13 (667 turns).

rlgrobin the Cleaver (Meteoran Fighter)              Turns: 667, Time: 00:03:14

Health: 0/57       AC:  7    Str: 23    XL:     7   Next: 42%
Magic:  10/10      EV:  9    Int:  9    God:    Zin [**....]
Gold:   136        SH:  5    Dex: 13    Spells: 6/6 levels left

rFire   . . .      SeeInvis .    a - +0 war axe
rCold   . . .      Faith    .    c - +0 buckler
rNeg    . . .      Spirit   .    b - +0 scale mail
rPois   .          Reflect  .    e - +1 hat
rElec   .          Harm     .    (no cloak)
rCorr   .          Rampage  .    (no gloves)
Will    .....                    (no boots) Stlth
                                 i - amulet of magic regeneration
HPRegen 0.29/turn                (no ring)
MPRegen 0.52/turn                (no ring)

@: glowing
A: sense surroundings 1, otherworldly, glowing, explore regen, strong 1
a: Renounce Religion, Recite, Vitalisation, Donate Gold


You were on level 6 of the Dungeon.
You worshipped Zin.
Zin was pleased with you.
You visited 1 branch of the dungeon, and saw 6 of its levels.

You collected 151 gold pieces.
You donated 15 gold pieces to Zin.

Inventory:

Hand Weapons
 a - a +0 war axe (weapon)
Armour
 b - a +0 scale mail (worn)
 c - a +0 buckler (worn)
 e - a +1 hat (worn)
Jewellery
 i - an amulet of magic regeneration (around neck)
Scrolls
 f - 2 scrolls of enchant armour {unknown}
 g - 2 scrolls of fear {unknown}
 h - a scroll of identify {unknown}
 k - a scroll of immolation {unknown}
 l - a scroll of teleportation {unknown}


   Skills:
 - Level 3.2 Fighting
 + Level 8.0 Axes
 - Level 3.6 Armour
 - Level 3.6 Shields
 + Level 3.3 Invocations


You had 6 spell levels left.
You didn't know any spells.
Your spell library was empty.

Dungeon Overview and Level Annotations

Branches:
Dungeon (6/15) Zot: 2904
 Temple: D:4-7

Altars:
Dithmenos
Xom
Zin

Shops:
D:4 *


Innate Abilities, Weirdness & Mutations

You passively map a small area around you.
You are easily found by Zot.
You glow in the dark.
You regain HP and MP as you explore.
Your muscles are strong. (Str +4, Int/Dex -1)


Message History

Your Axes skill increases to level 8!
Your Invocations skill increases to level 3!
You block the sky beast's attack.
You see here a scorpion corpse.
You closely miss the sky beast.
The sky beast is moderately wounded.
You block the sky beast's attack.
You closely miss the sky beast.
The sky beast is moderately wounded.
The sky beast hits you but does no damage.
The sky beast hits you. The sky beast shocks you.
You hit the sky beast.
The sky beast is heavily wounded.
The sky beast hits you but does no damage.
You miss the sky beast.
The sky beast is heavily wounded.
The sky beast hits you. The sky beast shocks you.
* * * LOW HITPOINT WARNING * * *
You slash the sky beast!
The sky beast is almost dead.
The sky beast flickers out of sight!
Deactivating autopickup; reactivate with Ctrl-A.
Something hits you but does no damage.
You hit something but do no damage. Something hits you.
* * * LOW HITPOINT WARNING * * *
Something shocks you.
* * * LOW HITPOINT WARNING * * *
It was a potion of mutation.
You feel extremely strange.
You feel stronger. Zin protects your body from mutation!
Zin forgives your inadvertent chaotic act, just this once.
Something hits you.
* * * LOW HITPOINT WARNING * * *
Something shocks you.
* * * LOW HITPOINT WARNING * * *
You barely miss something. You block something's attack.
You closely miss something. Something hits you but does no damage.
You closely miss something. Something hits you but does no damage.
Something hits you.
You die...

, * * #.# * #.# ##
#.# ..#.# ######## *
* #.#.# #<.....# * ,
,#.#.# ######.#
.####...########.#
,.......hO†@...##.#
,
..######.#####.##.#
,.......).)...#.##.#
,
#.#.#.##)###.#.##.#


ho...... #.# #.##.# * #.#.#.#, #.# *#....# #o.... #.# ###### * #.#.# * ... *
#... ,, ##., You could see a black bear and an ogre.

Vanquished Creatures
  2 ogres (D:5)
  2 scorpions
  2 hounds (D:6)
  An orc wizard (D:6)
  3 adders
  A worm (D:4)
  5 orcs
  2 endoplasms
  A giant cockroach (D:4)
  3 goblins
  2 kobolds
  3 quokkas
  A rat (D:2)
28 creatures vanquished.

Notes
Turn   | Place    | Note
-------+----------+-------------------------------------------
     0 | D:1      | rlgrobin the Meteoran Fighter began the quest for the Orb.
     0 | D:1      | Reached XP level 1. HP: 19/19 MP: 2/2
   112 | D:2      | Reached skill level 3 in Axes
   112 | D:2      | Reached XP level 2. HP: 22/26 MP: 3/3
   247 | D:3      | Reached XP level 3. HP: 29/31 MP: 4/4
   268 | D:4      | Reached skill level 4 in Axes
   269 | D:4      | Found Zin's Purification Station.
   275 | D:4      | Found a glowing silver altar of Zin.
   279 | D:4      | Became a worshipper of Zin the Law-Giver
   385 | D:5      | Entered Level 5 of the Dungeon
   397 | D:5      | Found a shadowy altar of Dithmenos.
   407 | D:5      | Found a shimmering altar of Xom.
   431 | D:5      | Reached XP level 4. HP: 38/38 MP: 5/5
   447 | D:5      | Reached * piety under Zin
   462 | D:5      | Noticed a scorpion
   475 | D:5      | Killed a scorpion
   476 | D:5      | Reached skill level 5 in Axes
   476 | D:5      | Reached XP level 5. HP: 32/45 MP: 6/6
   478 | D:5      | Reached ** piety under Zin
   496 | D:6      | Reached skill level 6 in Axes
   504 | D:6      | Noticed an ogre
   505 | D:6      | Noticed a sky beast
   506 | D:6      | Noticed an ogre
   511 | D:5      | HP: 2/45 [ogre/+0 giant spiked club (20)]
   515 | D:5      | Killed an ogre
   516 | D:5      | Reached skill level 7 in Axes
   516 | D:5      | Reached XP level 6. HP: 4/51 MP: 7/7
   574 | D:5      | Noticed an ogre
   581 | D:5      | Killed an ogre
   582 | D:5      | Reached XP level 7. HP: 37/57 MP: 7/9
   656 | D:6      | Reached skill level 8 in Axes
   663 | D:6      | Gained mutation: Your muscles are strong. (Str +4, Int/Dex
                  | -1) [potion of mutation]
   667 | D:6      | Slain by a sky beast

Illustrated notes

Levels and vault maps discovered:
D:1:      minmay_arrival_plants_in_alcoves, layout_loops_cross, serial_shops,
          shop, hellmonk_ecumenical_altar_leap_of_faith, serial_aquarium,
          aquarium_bridge_straight [aquarium_subvault_bridge,
          aquarium_subvault_balcony, aquarium_subvault_bridge,
          aquarium_subvault_wall], aquarium_window_corner, aquarium_window_1,
          aquarium_window_1, aquarium_window_corner, aquarium_view_2b,
          aquarium_view_2b, aquarium_balcony_1b
D:2:      layout_basic
D:3:      layout_basic
D:4:      layout_loops_ring, overflow_temple_1_default, zin_purify,
          nicolae_overflow_hidden_temple,
          mainiacjoe_overflow_concentric_impassable, minmay_tree_intersection,
          grunt_decor_clamped, dk_vineyard_2, minivault_23, serial_bayou_ford_a
D:5:      layout_basic, mainiacjoe_overflow_alcove_2, amcnicky_altar_gilded,
          overflow_temple_1_default, mainiacjoe_overflow_boulevard,
          nicolae_qazlal_style_of_elements, minmay_temple_entry_junction,
          grunt_ministairs_4, nicolae_underground_beach
D:6:      layout_basic, nicolae_vehumet_altar_sigil, serial_glass,
          glass_columns_b, glass_columns_b, glass_columns_b, glass_columns_b,
          glass_columns_b, minmay_manual_monolith

Skill      XL: |  1  2  3  4  5  6  7 |
---------------+----------------------+-----
Axes           | 3 4 5 7 8 |  8.0
Invocations    | 2 3 |  3.3
Fighting       | |  3.2
Armour         | |  3.6
Shields        | |  3.6

Action                     |  1- 3 |  4- 6 |  7- 9 || total
---------------------------+-------+-------+-------++-------
  Melee: War axe           |    57 |    24 |    24 ||   105
    Use: Potion            |       |     1 |     1 ||     2
 Armour: Scale mail        |    35 |     7 |    16 ||    58
  Dodge: Dodged            |    24 |    12 |     7 ||    43
  Block: Buckler           |    15 |     4 |    12 ||    31

Table legend: (Time is in decaauts)
 A = Elapsed time spent in this place.
 B = Non-inter-level travel time spent in this place.
 C = Inter-level travel time spent in this place.
 D = Time resting spent in this place.
 E = Time spent auto-exploring this place.
 F = Levels seen in this place.
 G = Mean time per level.
                   A        B        C        D        E       F      G
               +--------+--------+--------+--------+--------+-----+--------+
         Total |    694 |    694 |      0 |     14 |      0 |   6 |  115.7 |
       Dungeon |    694 |    694 |      0 |     14 |      0 |   6 |  115.7 |
               +--------+--------+--------+--------+--------+-----+--------+

Top non-repeatable levels by time:
     D:5: 210 daAuts
     D:4: 133 daAuts
     D:3: 102 daAuts
     D:6: 87 daAuts
     D:2: 83 daAuts
     D:1: 77 daAuts
